 Dungeon Crawl Stone Soup version 0.20.0-15-g7f486f2 (webtiles) character file.

102673 Alarkh the Severer (level 15, 106/106 (108) HPs)
             Began as a Demonspawn Monk on June 4, 2017.
             Was a High Priest of Okawaru.
             Got out of the dungeon alive.
             The game lasted 00:43:04 (24870 turns).

Alarkh the Severer (Demonspawn Monk)               Turns: 24870, Time: 00:43:05

HP:   106/106 (108) AC: 27    Str: 17    XL:     15   Next: 86%
MP:   21/21         EV: 11    Int: 18    God:    Okawaru [*****.]
Gold: 2277          SH:  0    Dex: 18    Spells: 14/14 levels left

rFire    . . .     SeeInvis +   a - +6 executioner's axe (flame)
rCold    + + .     Gourm    .   (shield currently unavailable)
rNeg     . . .     Faith    .   H - +9 plate armour of Buwiod {-Cast rElec rPois Str+6}
rPois    +         Spirit   .   M - +0 hat {MR+}
rElec    +         Reflect  .   h - +0 cloak
rCorr    .         Harm     .   (no gloves)
MR       +++..     NoCast   +   Q - +1 pair of boots
Stlth    ..........             E - amulet of regeneration
Regen    0.7/turn               m - ring of protection from magic
MPRegen  0.2/turn               g - ring "Pop Paso" {Slay+2 SInv}

@: no status effects
A: antennae 1, talons 2, slimy green scales 3, clever 1, cold resistance 2,
deformed body, frail 1, sense surroundings 1, powered by death 2, shaggy fur 1,
spiny 2, no potion heal 1
a: Heroism, Finesse, Renounce Religion


You escaped.
You worshipped Okawaru.
Okawaru was extremely pleased with you.
You were not hungry.

You visited 4 branches of the dungeon, and saw 24 of its levels.
You also visited: Ice Cave and Volcano.

You collected 2525 gold pieces.
You spent 248 gold pieces at shops.

Inventory:

Hand Weapons
 a - a +6 executioner's axe of flaming (weapon)
Armour
 e - a +3 plate armour of fire resistance
 h - a +0 cloak (worn)
 i - a +3 scale mail of fire resistance
 H - the +9 plate armour of Buwiod (worn) {-Cast rElec rPois Str+6}
   (Okawaru gifted it to you on level 14 of the Dungeon)

   It affects your strength (+6).
   It insulates you from electricity.
   It protects you from poison.
   It prevents spellcasting.
 M - a +0 hat of magic resistance (worn)
 Q - a +1 pair of boots (worn)
Magical Staves
 s - an uncursed staff of power
Jewellery
 f - an uncursed ring of flight
 g - the ring "Pop Paso" (right hand) {Slay+2 SInv}
   (You took it off a spriggan on level 2 of the Lair of Beasts)

   [ring of see invisible]

   It affects your accuracy and damage with ranged weapons and melee attacks
   (+2).
   It lets you see invisible.
 m - a ring of protection from magic (left hand)
 q - an uncursed ring of see invisible
 E - an amulet of regeneration (around neck)
Wands
 x - a wand of acid (9/15)
 y - a wand of scattershot (1/9)
 Y - a wand of digging (6/24)
Scrolls
 d - a scroll of fog
 k - 6 scrolls of recharging
 l - 3 scrolls of fear
 n - a scroll of magic mapping
 p - 2 scrolls of blinking
 A - 6 scrolls of teleportation
 G - a scroll of summoning {unknown}
 J - 9 scrolls of remove curse
 K - a scroll of brand weapon {unknown}
Potions
 r - 3 potions of resistance
 v - 2 potions of might
 F - 4 potions of agility
 I - 6 potions of berserk rage
 L - a potion of heal wounds {unknown}
 O - a potion of invisibility
 T - 7 potions of curing
 X - a potion of haste {unknown}
Miscellaneous
 w - a lamp of fire
Comestibles
 b - 5 chunks of flesh
 c - 17 bread rations


   Skills:
 + Level 12.1 Fighting
 * Level 17.3 Axes
 + Level 10.8 Armour
 + Level 11.3 Dodging
 - Level 1.7 Stealth
 - Level 8.0 Invocations


You had 14 spell levels left.
You didn't know any spells.

Dungeon Overview and Level Annotations

Branches:
Dungeon (15/15)            Temple (1/1) D:6            Lair (6/6) D:10
 Shoals (0/4) Lair:2        Snake (0/4) Lair:4        Slime (0/5) Lair:5
    Orc (2/2) D:10            Elf (0/3) Orc:2        Vaults (0/5) D:14
 Depths (0/5) D:15

Altars:
Ashenzari
Cheibriados
Dithmenos
Elyvilon
Fedhas
Gozag
Hepliaklqana
Kikubaaqudgha
Makhleb
Nemelex Xobeh
Okawaru
Qazlal
Ru
Sif Muna
Trog
Uskayaw
Vehumet
Xom
Yredelemnul
Zin
The Shining One
Beogh

Shops:
D:5 %   Orc:2 (}[%


Innate Abilities, Weirdness & Mutations

You have razor-sharp toenails.
You are completely covered in slimy green scales. (AC +4, rPois)
Your flesh is very cold resistant. (rC++)
You regenerate health from kills.
You are mostly covered in sharp spines.
You have a pair of small antennae on your head.
Your mind is acute. (Int +2)
Armour fits poorly on your strangely shaped body.
You are frail. (-10% HP)
You passively map a small area around you.
You are covered in fur. (AC +1)
Potions are less effective at restoring your health.


Message History

Where to? (* - list waypoints, Enter - D:1, ? - help)
There is a stone staircase leading up here.
You climb upwards.
There is a stone staircase leading down here.
There is a stone staircase leading up here.
You climb upwards.
There is a stone staircase leading down here.
There is a stone staircase leading up here.
You climb upwards.
There is a stone staircase leading down here.
Eating one of 6 chunks of flesh.
You eat one of the 6 chunks of flesh.
This raw flesh tastes terrible.
There is a stone staircase leading up here.
You climb upwards.
There is a stone staircase leading down here.
There is an open door here.
There is an open door here.
There is a staircase leading out of the dungeon here.
Are you sure you want to leave the Dungeon?
This will make you lose the game!
You have escaped!

## ######
.###############....#
.÷...##...##........####
###.....###...#####....####
..####.....####...####....#
.....###+###.........###..#
⌠......'.'......@......#.##
.....###'###.........###.##
..####.....####...####....#
###....#......#####.......#
...)##..#................##
...##..#.....##...###..##.#
..###.###..######## #######
.## #####.## .# #..#


There were no monsters in sight!

Vanquished Creatures
  Rupert (Orc:2)
  An orc warlord (Orc:2)
  Nessos (Orc:2)
  A red draconian (Volcano)
  Josephine (Orc:1)
  Erolcha (Orc:1)
  9 hydras
  2 centaur warriors
  A two-headed ogre (D:14)
  2 dancing weapons (D:14)
  2 orc high priests (Orc:2)
  5 skeletal warriors (D:15)
  2 unseen horrors (D:15)
  2 wizards
  2 orc knights (Orc:2)
  2 necromancers
  10 deep elf magi (D:15)
  19 ugly things
  3 cyclopes
  3 orc sorcerers
  An oklob plant (Lair:3)
  An elephant (Lair:5)
  A manticore (D:15)
  A moth of wrath (shapeshifter) (D:15)
  4 black mambas
  Joseph (D:9)
  3 merfolk sirens (Lair:2)
  A naga mage (D:15)
  12 spiny frogs
  A torpor snail (Lair:5)
  2 ice statues (IceCv)
  5 rime drakes
  10 komodo dragons
  2 ice devils (Lair:3)
  2 yaktaurs (Volcano)
  4 polar bears (Lair:6)
  7 trolls
  7 hornets
  A merfolk (Lair:2)
  6 slime creatures (D:14)
  37 blink frogs
  16 dream sheep
  A wolf spider simulacrum (D:15)
  11 hippogriffs
  28 spriggans
  A centaur simulacrum (D:15)
  A spriggan (shapeshifter) (D:15)
  3 wraiths (Orc:1)
  24 yaks
  5 wyverns
  2 hungry ghosts
  A basilisk (Lair:3)
  7 fire bats (Volcano)
  8 vampire mosquitoes
  A soldier ant (D:14)
  3 nagas (Lair:4)
  A harpy simulacrum (D:15)
  4 wargs (Orc:2)
  An acid dragon (D:11)
  Duvessa (D:7)
  9 water moccasins
  8 porcupines
  32 orc warriors
  3 black bears
  11 ice beasts
  9 sky beasts
  A phantom (D:13)
  3 necrophages
  11 ogres
  2 boggarts (Lair:6)
  25 centaurs
  21 wolves
  12 crocodiles
  A big kobold (D:7)
  20 bullfrogs
  A gnoll sergeant (D:9)
  A wyvern zombie (D:11)
  Dowan (D:7)
  A wyvern skeleton (D:10)
  A scorpion (D:12)
  4 wights (D:7)
  56 killer bees
  2 electric eels (Lair:6)
  A howler monkey (D:7)
  7 lava snakes (Volcano)
  16 crimson imps
  4 centaur zombies
  14 jellies
  4 centaur skeletons
  10 hounds
  2 bullfrog skeletons
  A gnoll shaman (D:7)
  16 orc priests
  18 orc wizards
  6 worker ants
  Ijyb (D:3)
  Terence (D:2)
  4 iguanas
  5 polar bear simulacra (Lair:6)
  2 yak simulacra (Lair:6)
  A wolf simulacrum (Lair:6)
  2 worker ant zombies
  10 adders
  14 gnolls
  4 shadow imps
  3 oozes
  An adder skeleton (D:4)
  3 dart slugs
  6 leopard geckos
  122 orcs
  2 ball pythons
  A giant cockroach (D:6)
  14 goblins
  6 hobgoblins
  14 jackals
  4 quokkas
  8 bats
  2 frilled lizards
  A jackal skeleton (D:7)
  14 kobolds
  A quokka skeleton (D:5)
  6 rats
  3 river rat simulacra (Lair:6)
  A fungus (Lair:4)
  2 plants
890 creatures vanquished.

Vanquished Creatures (others)
  7 fungi
  3 plants (D:15)
10 creatures vanquished.

Grand Total: 900 creatures vanquished

Notes
Turn   | Place    | Note
-------+----------+-------------------------------------------
     0 | D:1      | Alarkh the Demonspawn Monk began the quest for the Orb.
     0 | D:1      | Reached XP level 1. HP: 18/18 MP: 1/1
   164 | D:1      | Reached skill level 3 in Axes
   477 | D:1      | Gained mutation: You regenerate a little health from kills. [demonic ancestry]
   477 | D:1      | Reached XP level 2. HP: 24/24 MP: 2/2
  1223 | D:1      | Gained mutation: You are partially covered in slimy green scales. (AC +2) [demonic ancestry]
  1223 | D:1      | Reached XP level 3. HP: 29/29 MP: 3/3
  1563 | D:2      | Found a faded altar of an unknown god.
  1586 | D:2      | Reached skill level 4 in Axes
  1732 | D:2      | Found an iron altar of Okawaru.
  1754 | D:2      | Became a worshipper of Warmaster Okawaru
  1754 | D:2      | Reached * piety under Okawaru
  1754 | D:2      | Reached ** piety under Okawaru
  1896 | D:2      | Noticed Terence
  1924 | D:2      | Killed Terence
  1924 | D:2      | Gained mutation: You have sharp toenails. [demonic ancestry]
  1924 | D:2      | Reached XP level 4. HP: 35/35 MP: 4/4
  2300 | D:3      | Found a shimmering altar of Xom.
  2420 | D:3      | Noticed Ijyb
  2458 | D:3      | Killed Ijyb
  2458 | D:3      | Reached skill level 5 in Axes
  2581 | D:3      | Found a burning altar of Makhleb.
  2703 | D:3      | Gained mutation: You are partially covered in sharp spines. [demonic ancestry]
  2703 | D:3      | Reached XP level 5. HP: 41/41 MP: 5/5
  3096 | D:4      | Reached skill level 6 in Axes
  3312 | D:4      | Reached XP level 6. HP: 45/47 MP: 6/6
  3533 | D:5      | Entered Level 5 of the Dungeon
  3581 | D:5      | Found Duyzoir's Food Boutique.
  3643 | D:5      | Reached skill level 7 in Axes
  3707 | D:5      | Found a shattered altar of Ashenzari.
  3785 | D:5      | Reached XP level 7. HP: 52/52 MP: 7/7
  4148 | D:6      | Reached skill level 8 in Axes
  4307 | D:6      | Reached *** piety under Okawaru
  4326 | D:6      | Gained mutation: You are occasionally teleported next to monsters. [mutagenic meat]
  4327 | D:6      | Gained mutation: You have a pair of small horns on your head. [mutagenic meat]
  4328 | D:6      | Gained mutation: Your body sometimes deteriorates upon taking damage. [mutagenic meat]
  4329 | D:6      | Gained mutation: You are clumsy. (Dex -2) [mutagenic meat]
  4330 | D:6      | Lost mutation: You are occasionally teleported next to monsters. [potion of mutation]
  4330 | D:6      | Lost mutation: You are clumsy. (Dex -2) [potion of mutation]
  4330 | D:6      | Lost mutation: You have a pair of small horns on your head. [potion of mutation]
  4330 | D:6      | Lost mutation: Your body sometimes deteriorates upon taking damage. [potion of mutation]
  4330 | D:6      | Gained mutation: You passively map a small area around you. [potion of mutation]
  4330 | D:6      | Gained mutation: Your flesh is cold resistant. (rC+) [potion of mutation]
  4664 | D:6      | Reached skill level 9 in Axes
  4664 | D:6      | Reached XP level 8. HP: 19/58 MP: 3/8
  5003 | D:6      | Found a staircase to the Ecumenical Temple.
  5013 | Temple   | Entered the Ecumenical Temple
  5582 | D:7      | Reached **** piety under Okawaru
  5582 | D:7      | Reached skill level 10 in Axes
  5853 | D:7      | Reached skill level 1 in Armour
  6115 | D:7      | Gained mutation: You are mostly covered in slimy green scales. (AC +3) [demonic ancestry]
  6115 | D:7      | Reached XP level 9. HP: 62/63 MP: 9/9
  6239 | D:7      | Got a tattered robe
  6250 | D:7      | Identified the +1 robe "Duad" {Dex+3} (You found it on level 7 of the Dungeon)
  6389 | D:7      | Noticed Duvessa
  6391 | D:7      | Noticed Dowan
  6405 | D:7      | Killed Duvessa
  6473 | D:7      | Killed Dowan
  6818 | D:7      | Reached skill level 11 in Axes
  6973 | D:7      | Gained mutation: Your spells are a little harder to cast, but a little more powerful. [mutagenic meat]
  6974 | D:7      | Gained mutation: Potions are less effective at restoring your health. [mutagenic meat]
  6975 | D:7      | Gained mutation: Your magical capacity is low. (-10% MP) [mutagenic meat]
  6976 | D:7      | Gained mutation: Armour fits poorly on your strangely shaped body. [mutagenic meat]
  6977 | D:7      | Lost mutation: Armour fits poorly on your strangely shaped body. [potion of mutation]
  6977 | D:7      | Lost mutation: Potions are less effective at restoring your health. [potion of mutation]
  6977 | D:7      | Lost mutation: Your magical capacity is low. (-10% MP) [potion of mutation]
  6977 | D:7      | Lost mutation: Your spells are a little harder to cast, but a little more powerful. [potion of mutation]
  6977 | D:7      | Gained mutation: You expend magic power (3 MP) to strengthen your wands. [potion of mutation]
  6977 | D:7      | Gained mutation: Your mind is acute. (Int +2) [potion of mutation]
  7019 | D:7      | Reached ***** piety under Okawaru
  7384 | D:8      | Found a sacrificial altar of Ru.
  7442 | D:8      | Reached skill level 5 in Fighting
  7549 | D:8      | Gained mutation: You regenerate health from kills. [demonic ancestry]
  7549 | D:8      | Reached XP level 10. HP: 58/73 MP: 5/10
  7762 | D:8      | Reached skill level 5 in Dodging
  8554 | D:9      | Noticed Joseph
  8576 | D:9      | Killed Joseph
  8828 | D:9      | Reached skill level 12 in Axes
  8828 | D:9      | Reached skill level 1 in Invocations
  8854 | D:9      | Found a shadowy altar of Dithmenos.
  9043 | D:9      | Received a gift from Okawaru
  9463 | D:10     | Entered Level 10 of the Dungeon
  9673 | D:10     | Reached skill level 5 in Armour
  9686 | D:10     | Found a staircase to the Lair.
  9927 | D:10     | Found a staircase to the Orcish Mines.
  9937 | D:10     | Gained mutation: You are frail. (-10% HP) [mutagenic meat]
 10297 | Lair:1   | Entered Level 1 of the Lair of Beasts
 10306 | Lair:1   | Gained mutation: You have razor-sharp toenails. [demonic ancestry]
 10306 | Lair:1   | Reached XP level 11. HP: 70/72 MP: 10/13
 11124 | Lair:2   | Found a staircase to the Shoals.
 11193 | Lair:2   | Noticed a seven-headed hydra
 12155 | D:12     | Reached skill level 5 in Invocations
 12263 | D:12     | You fall through a shaft for 3 floors!
 12263 | D:15     | Entered Level 15 of the Dungeon
 12276 | D:14     | Noticed an enchanted long sword
 12279 | D:14     | Noticed an enchanted long sword
 12285 | D:14     | Killed an enchanted long sword
 12285 | D:14     | Received a gift from Okawaru
 12285 | D:14     | Reached skill level 13 in Axes
 12286 | D:14     | Killed an enchanted long sword
 12306 | D:14     | Reached ****** piety under Okawaru
 12409 | D:14     | Found a gate to the Vaults.
 12463 | D:13     | Noticed a cyan ugly thing
 12474 | D:13     | Killed a cyan ugly thing
 12478 | D:13     | Gained mutation: You are very frail. (-20% HP) [mutagenic meat]
 12479 | D:13     | Gained mutation: Your muscles are strong. (Str +2) [mutagenic meat]
 12481 | D:13     | Gained mutation: You are agile. (Dex +2) [mutagenic meat]
 12550 | D:13     | You fall through a shaft!
 12550 | D:14     | Noticed a green ugly thing
 12550 | D:14     | Noticed a green ugly thing
 12550 | D:14     | Noticed a green ugly thing
 12550 | D:14     | Noticed a green ugly thing
 12550 | D:14     | Noticed a wizard
 12551 | D:14     | Noticed a green ugly thing
 12552 | D:14     | Noticed a green ugly thing
 12556 | D:14     | Killed a wizard
 12560 | D:14     | Killed a purple ugly thing
 12560 | D:14     | Mutation became permanent: Your flesh is cold resistant. (rC+) [demonic ancestry]
 12560 | D:14     | Gained mutation: Your flesh is cold resistant. (rC+) [demonic ancestry]
 12560 | D:14     | Reached XP level 12. HP: 66/71 MP: 12/16
 13143 | D:13     | Got a polished dire flail
 13144 | D:13     | Identified the +8 dire flail of Compassion {drain, *Slow +Blink rElec rC+ Int+3} (You found it on level 13 of the Dungeon)
 14040 | D:12     | Received a gift from Okawaru
 14041 | D:12     | Got a crude battleaxe {god gift}
 14042 | D:12     | Identified the +2 battleaxe "Leviticus" {chop, rN+ Str+4} (Okawaru gifted it to you on level 12 of the Dungeon)
 14392 | D:14     | Noticed a two-headed ogre
 14405 | D:14     | Killed a two-headed ogre
 14405 | D:14     | Reached skill level 14 in Axes
 14694 | D:15     | Noticed a centaur warrior
 14701 | D:15     | Killed a centaur warrior
 14706 | D:15     | Received a gift from Okawaru
 14706 | D:15     | Gained mutation: You are mostly covered in sharp spines. [demonic ancestry]
 14706 | D:15     | Reached XP level 13. HP: 24/78 MP: 2/19
 14820 | D:15     | Lost mutation: Your muscles are strong. (Str +2) [mutagenic meat]
 14821 | D:15     | Gained mutation: You evolve. [mutagenic meat]
 14822 | D:15     | Lost mutation: You expend magic power (3 MP) to strengthen your wands. [mutagenic meat]
 14823 | D:15     | Gained mutation: Scrolls take you a little longer to read. [mutagenic meat]
 14947 | D:15     | Gained mutation: You are resistant to hostile enchantments. (MR+) [mutagenic meat]
 14949 | D:15     | Gained mutation: You have a pair of small antennae on your head. [mutagenic meat]
 15249 | D:15     | Received a gift from Okawaru
 15251 | D:15     | Got a heavily runed plate armour {god gift}
 15262 | D:15     | Identified the +9 plate armour "Qiatean" {rC- Dex+8} (Okawaru gifted it to you on level 15 of the Dungeon)
 15595 | D:15     | Found a staircase to the Depths.
 15653 | D:15     | Reached skill level 15 in Axes
 15671 | D:15     | Reached skill level 10 in Fighting
 15851 | D:15     | Lost mutation: Scrolls take you a little longer to read. [potion of mutation]
 15851 | D:15     | Lost mutation: Your mind is acute. (Int +2) [potion of mutation]
 15851 | D:15     | Lost mutation: You are agile. (Dex +2) [potion of mutation]
 15851 | D:15     | Gained mutation: Your body sometimes deteriorates upon taking damage. [potion of mutation]
 15851 | D:15     | Lost mutation: Your body sometimes deteriorates upon taking damage. [potion of mutation]
 15852 | D:15     | Lost mutation: You are very frail. (-20% HP) [potion of mutation]
 15852 | D:15     | Lost mutation: You evolve. [potion of mutation]
 15852 | D:15     | Gained mutation: Your mind is acute. (Int +2) [potion of mutation]
 15852 | D:15     | Lost mutation: You are resistant to hostile enchantments. (MR+) [potion of mutation]
 15852 | D:15     | Gained mutation: You are agile. (Dex +2) [potion of mutation]
 16113 | D:12     | Received a gift from Okawaru
 16310 | Lair:2   | Reached XP level 14. HP: 96/97 MP: 18/20
 17514 | Lair:3   | Found a frozen archway.
 17545 | IceCv    | Entered an ice cave
 17562 | IceCv    | Gained mutation: Potions are less effective at restoring your health. [mutagenic meat]
 17564 | IceCv    | Found a transporter.
 17624 | IceCv    | Gained mutation: You are covered in fur. (AC +1) [mutagenic meat]
 17625 | IceCv    | Gained mutation: Your flesh is very cold resistant. (rC++) [mutagenic meat]
 17626 | IceCv    | Lost mutation: You are agile. (Dex +2) [mutagenic meat]
 18096 | Lair:4   | Reached skill level 10 in Dodging
 18378 | Lair:4   | Found a staircase to the Snake Pit.
 18488 | Lair:4   | Received a gift from Okawaru
 18830 | Lair:4   | Reached skill level 16 in Axes
 19743 | Lair:5   | Found a staircase to the Slime Pits.
 20094 | Lair:6   | Entered Level 6 of the Lair of Beasts
 20290 | Lair:6   | Reached skill level 10 in Armour
 20417 | Lair:6   | Gained mutation: You are completely covered in slimy green scales. (AC +4, rPois) [demonic ancestry]
 20417 | Lair:6   | Reached XP level 15. HP: 104/105 MP: 21/21
 20760 | Lair:6   | Received a gift from Okawaru
 21603 | D:14     | Got a spiked plate armour {god gift}
 21837 | Lair:6   | Identified the +9 plate armour of Buwiod {-Cast rElec rPois Str+6} (Okawaru gifted it to you on level 14 of the Dungeon)
 22066 | Lair:2   | Received a gift from Okawaru
 22076 | Lair:2   | Got a vibrating silver ring
 22185 | Lair:2   | Identified the ring "Pop Paso" {Slay+2 SInv} (You took it off a spriggan on level 2 of the Lair of Beasts)
 22313 | Orc:1    | Entered Level 1 of the Orcish Mines
 22394 | Orc:1    | Noticed Josephine
 22409 | Orc:1    | Killed Josephine
 22437 | Orc:1    | Noticed Erolcha
 22446 | Orc:1    | Killed Erolcha
 22481 | Orc:1    | Found a dark tunnel.
 22492 | Volcano  | Entered a volcano
 22648 | Volcano  | Reached skill level 17 in Axes
 22675 | Volcano  | Found a bloodstained altar of Trog.
 22713 | Volcano  | Found a bloodstained altar of Trog.
 23012 | Orc:1    | Found a roughly hewn altar of Beogh.
 23111 | Orc:2    | Entered Level 2 of the Orcish Mines
 23165 | Orc:2    | Noticed Rupert
 23167 | Orc:2    | Paralysed by Rupert for 5 turns
 23178 | Orc:2    | Killed Rupert
 23209 | Orc:2    | Found a roughly hewn altar of Beogh.
 23226 | Orc:2    | Found Oxtetu's Gadget Emporium.
 23331 | Orc:2    | Found a staircase to the Elven Halls.
 23392 | Orc:2    | Found a roughly hewn altar of Beogh.
 23539 | Orc:2    | Found a roughly hewn altar of Beogh.
 23613 | Orc:2    | Found a roughly hewn altar of Beogh.
 23622 | Orc:2    | Found Cumum's Food Emporium.
 23784 | Orc:2    | Found a roughly hewn altar of Beogh.
 23807 | Orc:2    | Found a roughly hewn altar of Beogh.
 23850 | Orc:2    | Found a roughly hewn altar of Beogh.
 23966 | Orc:2    | Found a roughly hewn altar of Beogh.
 23966 | Orc:2    | Noticed Nessos
 23986 | Orc:2    | Killed Nessos
 24174 | Orc:2    | Noticed an orc warlord
 24198 | Orc:2    | Killed an orc warlord
 24198 | Orc:2    | Received a gift from Okawaru
 24209 | Orc:2    | Gained mutation: Armour fits poorly on your strangely shaped body. [a neqoxec]
 24220 | Orc:2    | Found Cenuff's Antique Weapon Boutique.
 24221 | Orc:2    | Found a roughly hewn altar of Beogh.
 24224 | Orc:2    | Found Nutruemaywk's Antique Armour Shop.
 24239 | Orc:2    | Bought a glowing scarf for 248 gold pieces
 24609 | Lair:2   | Upgraded the game from 0.20.0-10-g0535bb4 to 0.20.0-15-g7f486f2
 24870 | D:$      | Got out of the dungeon alive.

Skill      XL: |  1  2  3  4  5  6  7  8  9 10 11 12 13 14 15 |
---------------+----------------------------------------------+-----
Axes           | 3 4 5 6 7 9 10 11 12 13 14 15 16 17 | 17.3
Armour         | 1 3 5 6 7 8 10 | 10.8
Dodging        | 3 4 5 7 8 9 10 11 | 11.3
Fighting       | 5 6 7 9 10 11 12 | 12.1
Invocations    | 3 6 8 |  8.0
Stealth        | |  1.7

Action                   |  1- 3 |  4- 6 |  7- 9 | 10-12 | 13-15 || total
-------------------------+-------+-------+-------+-------+-------++-------
Melee: Hand axe          |   133 |   239 |    98 |       |       ||   470
       Kick              |       |    74 |    68 |       |       ||   142
       War axe           |       |       |   126 |       |       ||   126
       Battleaxe         |       |       |    82 |   544 |   756 ||  1382
       Punch             |       |       |     1 |       |       ||     1
       Dire flail        |       |       |       |       |    75 ||    75
       Broad axe         |       |       |       |       |     4 ||     4
       Executioner's axe |       |       |       |       |   217 ||   217
Invok: Heroism           |       |       |     2 |     8 |    23 ||    33
       Finesse           |       |       |       |       |     2 ||     2
Evoke: Wand              |       |       |     1 |       |     3 ||     4
  Use: Scroll            |     2 |     3 |     7 |    15 |    16 ||    43
       Potion            |     1 |       |     2 |       |     3 ||     6
 Stab: Sleeping          |     6 |       |       |       |       ||     6
       Distracted        |       |       |       |     1 |       ||     1
  Eat: Chunk             |     3 |     7 |    20 |    26 |    48 ||   104
       Meat ration       |       |       |       |     1 |       ||     1
       Fruit             |       |       |       |     1 |       ||     1
Armor: Robe              |    23 |       |       |       |       ||    23
       Skin              |    15 |       |       |       |       ||    15
       Scale mail        |       |   125 |   123 |   269 |    40 ||   557
       Plate armour      |       |       |       |       |   650 ||   650
Dodge: Dodged            |    68 |   103 |   137 |   408 |   487 ||  1203
